 Dungeon Crawl Stone Soup version 0.31.0-32-g396128a36d (webtiles) character file.

Game seed: 13217096939828839177

521612 Cheops the Wrestler (level 25, -1/232 HPs)
             Began as an Octopode Shapeshifter on Mar 27, 2024.
             Was a High Priest of Uskayaw.
             Killed from afar by a living spell (16 damage)
             ... with an iceblast
             ... summoned by a walking frostbound tome
             ... on level 2 of the Depths on Mar 29, 2024.
             The game lasted 06:19:15 (61043 turns).

Cheops the Wrestler (Octopode Shapeshifter)        Turns: 61043, Time: 06:19:16

Health: -1/232     AC: 46    Str: 33    XL:     25   Next: 31%
Magic:  23/40      EV: 35    Int: 15    God:    Uskayaw [*****.]
Gold:   1732       SH:  0    Dex: 10    Spells: 17/50 levels left

rFire   + .          .
                       - Unarmed
rCold   + . .        (no shield)
rNeg    + . .        (helmet restricted)
rPois   ∞            A - amulet of Gukapt {Acrobat rF+}
rElec   +            E - +5 ring of evasion
rCorr   .            C - +4 ring of protection
SInv    .            F - +6 ring of strength
Will    ++++.        G - +6 ring of strength
Stlth   ++           H - ring of protection from cold
HPRegen 0.58/turn    B - +4 ring of protection
MPRegen 0.27/turn    I - ring of willpower
                     D - +4 ring of protection

%: acrobat
@: statue-form, acrobatic, studying Axes, very slow
A: slow and powerful, torment resistance 1, boosted hp, almost no armour,
amphibious, 8 rings, camouflage 1, (gelatinous body 1), (nimble swimmer 1),
tentacles
}: 3/15 runes: decaying, serpentine, silver
a: Begin Untransformation, Renounce Religion, Stomp, Line Pass, Grand Finale


You were on level 2 of the Depths.
You worshipped Uskayaw.
Uskayaw was most pleased with you.
You were a living statue of rough stone.
You visited 9 branches of the dungeon, and saw 41 of its levels.
You visited the Abyss 1 time.
You also visited: Bailey, Gauntlet, Ice Cave, Wizlab and Desolation.

You collected 7196 gold pieces.
You spent 5464 gold pieces at shops.

Inventory:

Jewellery
 f - a ring of protection from cold
 h - the ring of Existentialism {*Slow rElec rC+ rN+}
   (You found it in a wizard's laboratory)

   [ring of positive energy]

   rC+:       It protects you from cold.
   rElec:     It insulates you from electricity.
   rN+:       It protects you from negative energy.
   *Slow:     It may slow you when you take damage.
 A - the amulet of Gukapt (around mantle) {Acrobat rF+}
   (You found it on level 3 of the Vaults)

   [amulet of the acrobat]

   Acrobat:   It increases your evasion while moving and waiting.
   rF+:       It protects you from fire.
 B - a +4 ring of protection (on tentacle)
 C - a +4 ring of protection (right tentacle)
 D - a +4 ring of protection (on tentacle)
 E - a +5 ring of evasion (left tentacle)
 F - a +6 ring of strength (on tentacle)
 G - a +6 ring of strength (on tentacle)
 H - a ring of protection from cold (on tentacle)
 I - a ring of willpower (on tentacle)
 J - the amulet of Yendor {rElec rC- Regen+ MP+9 Str+8}
   (You bought it in a shop on level 1 of the Orcish Mines)

   [amulet of regeneration]

   Str+8:     It affects your strength (+8).
   rC-:       It makes you vulnerable to cold.
   rElec:     It insulates you from electricity.
   MP+9:      It affects your magic capacity (+9).
   Regen+:    It increases your rate of health regeneration.
 K - an amulet of reflection
 L - the ring "Puemm" {Fire +Blink Dex-5 SInv}
   (You found it in the Desolation of Salt)

   [ring of fire]

   Fire:      It enhances your fire magic.
   Dex-5:     It affects your dexterity (-5).
   rF+:       It protects you from fire.
   rC-:       It makes you vulnerable to cold.
   SInv:      It lets you see invisible.
   +Blink:    It lets you blink.
 M - the ring of the Fool {*Slow rElec rPois Str+2}
   (You found it in the Desolation of Salt)

   [ring of poison resistance]

   Str+2:     It affects your strength (+2).
   rElec:     It insulates you from electricity.
   rPois:     It protects you from poison *Slow: It may slow you when you take
   damage.
 N - the ring of Fihetato {Fire rN+ rCorr Str+4 Int+3}
   (You found it on level 3 of the Elven Halls)

   [ring of fire]

   Fire:      It enhances your fire magic.
   Str+4:     It affects your strength (+4).
   Int+3:     It affects your intelligence (+3).
   rF+:       It protects you from fire.
   rC-:       It makes you vulnerable to cold.
   rN+:       It protects you from negative energy.
   rCorr:     It protects you from acid and corrosion.
 P - a ring of willpower
Talismans
 a - a dragon-blood talisman
 b - the granite talisman of Card Tricks (active) {Will++ Dex-3}
   (You took it off Roxanne on level 3 of the Elven Halls)

   [granite talisman]

   Dex-3:     It affects your dexterity (-3).
   Will++:    It greatly increases your willpower.
 c - the serpent talisman of the Vacuum {rF+ Str+3 SInv}
   (You took it off Aizul on level 1 of the Snake Pit)

   [serpent talisman]

   Str+3:     It affects your strength (+3).
   rF+:       It protects you from fire.
   SInv:      It lets you see invisible.
 d - a blade talisman
 e - a maw talisman
Wands
 i - a wand of digging (30)
 m - a wand of roots (32)
 u - a wand of mindburst (61)
 y - a wand of polymorph (38)
 T - a wand of paralysis (64)
 X - a wand of flame (117)
 Z - a wand of light (20)
Scrolls
 j - 3 scrolls of fog
 l - 7 scrolls of teleportation
 o - 3 scrolls of silence
 r - 8 scrolls of blinking
 s - 5 scrolls of summoning
 x - 7 scrolls of fear
 O - a scroll of immolation
 Y - 2 scrolls of revelation
Potions
 k - 13 potions of might
 n - 5 potions of attraction
 p - 9 potions of haste
 q - a potion of ambrosia
 t - 4 potions of heal wounds
 v - 3 potions of brilliance
 z - 13 potions of curing
 Q - 4 potions of enlightenment
 S - 3 potions of mutation
 U - 5 potions of berserk rage
 W - 3 potions of resistance
Miscellaneous
 g - a phantom mirror
 w - a phial of floods
 R - a sack of spiders
 V - a tin of tremorstones (2/2)


   Skills:
 - Level 16.7 Fighting
 - Level 11.1 Dodging
 - Level 23.0 Unarmed Combat
 - Level 13.0 Spellcasting
 - Level 12.4 Summonings
 + Level 14.4 Translocations
 - Level 17.0 Invocations
 - Level 14.0 Evocations
 - Level 21.7 Shapeshifting


You had 17 spell levels left.
You knew the following spells:

 Your Spells              Type           Power      Damage    Failure   Level
a - Apportation           Tloc           100%       N/A       1%          1
b - Blink                 Tloc           100%       N/A       1%          2
d - Dispersal             Tloc           26%        N/A       3%          6
g - Gell's Gravitas       Tloc           52%        N/A       1%          3
m - Manifold Assault      Tloc           52%        N/A       1%          4
p - Passage of Golubria   Tloc           52%        N/A       1%          4
t - Teleport Other        Tloc           52%        N/A       1%          3
v - Volatile Blastmotes   Fire/Tloc      62%        2d15      1%          3
G - Malign Gateway        Summ/Tloc      25%        N/A       24%         7

Your spell library contained the following spells:

 Spells                   Type           Power      Damage    Failure   Level
 Summon Small Mammal      Summ           100%       N/A       1%          1
 Call Imp                 Summ           94%        N/A       1%          2
 Lesser Beckoning         Tloc           100%       N/A       1%          2
 Momentum Strike          Conj/Tloc      62%        3d9       1%          2
 Call Canine Familiar     Summ           47%        N/A       1%          3
 Summon Ice Beast         Ice/Summ       28%        N/A       1%          3
 Summon Forest            Summ/Tloc      25%        N/A       1%          5
 Dimensional Bullseye     Hex/Tloc       15%        N/A       3%          4
 Iskenderun's Mystic Bla  Conj/Tloc      31%        2d8       3%          4
 Vhi's Electric Charge    Tloc/Air       62%        N/A       3%          4
 Summon Blazeheart Golem  Fire/Summ      28%        N/A       5%          4
 Summon Lightning Spire   Summ/Air       28%        N/A       5%          4
 Summon Cactus Giant      Summ           23%        N/A       6%          6
 Foxfire                  Conj/Fire      36%        2x1d5     7%          1
 Freeze                   Ice            36%        1d5       7%          1
 Kiss of Death            Conj/Necr      36%        2d8       7%          1
 Magic Dart               Conj           36%        1d4       7%          1
 Necrotise                Necr           36%        1d5       7%          1
 Shock                    Conj/Air       36%        1d5       7%          1
 Slow                     Hex            36%        N/A       7%          1
 Sting                    Conj/Alch      36%        1d5       7%          1
 Cigotuvi's Dreadful Rot  Necr/Alch/Air  18%        N/A       11%         2
 Ensorcelled Hibernation  Hex/Ice        18%        N/A       11%         2
 Jinxbite                 Hex            18%        N/A       11%         2
 Mercury Vapours          Alch/Air       18%        N/A       11%         2
 Static Discharge         Conj/Air       18%        3-4/arc   11%         2
 Confusing Touch          Hex            9%         N/A       22%         3
 Dazzling Flash           Conj/Hex       18%        N/A       22%         3
 Frozen Ramparts          Ice            18%        1d3       22%         3
 Fugue of the Fallen      Necr           9%         N/A       22%         3
 Hailstorm                Conj/Ice       9%         3d6       22%         3
 Mephitic Cloud           Conj/Alch/Air  9%         N/A       22%         3
 Ozocubu's Armour         Ice            9%         N/A       22%         3
 Sigil of Binding         Hex            9%         N/A       22%         3
 Stone Arrow              Conj/Erth      18%        3d8       22%         3
 Tukima's Dance           Hex            9%         N/A       22%         3
 Vampiric Draining        Necr           9%         2d6       22%         3
 Monstrous Menagerie      Summ           23%        N/A       34%         7
 Summon Hydra             Summ           23%        N/A       34%         7
 Airstrike                Air            4%         2d(1-17)  56%         4
 Anguish                  Hex/Necr       4%         N/A       56%         4
 Animate Dead             Necr           9%         N/A       56%         4
 Dispel Undead            Necr           9%         3d8       56%         4
 Fulminant Prism          Conj/Alch      4%         3d5       56%         4
 Ignite Poison            Fire/Alch      9%         N/A       56%         4
 Leda's Liquefaction      Alch/Erth      4%         N/A       56%         4
 Olgreb's Toxic Radiance  Alch           9%         N/A       56%         4
 Petrify                  Alch/Erth      9%         N/A       56%         4
 Sticky Flame             Fire/Alch      9%         2d5       56%         4
 Alistair's Intoxication  Alch           6%         N/A       89%         5
 Arcjolt                  Conj/Air       4%         1d14      89%         5
 Borgnjor's Vile Clutch   Necr/Erth      4%         N/A       89%         5
 Curse of Agony           Necr           9%         N/A       89%         5
 Freezing Cloud           Conj/Ice/Air   4%         6-21      89%         5
 Irradiate                Conj/Alch      4%         3d13      89%         5
 Lee's Rapid Deconstruct  Erth           4%         3d5*      89%         5
 Silence                  Hex/Air        4%         N/A       89%         5
 Yara's Violent Unravell  Hex/Alch       4%         3d4       89%         5
 Haunt                    Necr/Summ      14%        N/A       99%         7
 Spellforged Servitor     Conj/Summ      14%        N/A       99%         7
 Bombard                  Conj/Erth      4%         9d2       100%        6
 Eringya's Noxious Bog    Alch           4%         4d6       100%        6
 Plasma Beam              Fire/Air       4%         2x1d14    100%        6
 Sculpt Simulacrum        Ice/Alch       4%         N/A       100%        6
 Starburst                Conj/Fire      4%         6d4       100%        6
 Orb of Destruction       Conj           4%         9d5       100%        7
 Ozocubu's Refrigeration  Ice            4%         4d8       100%        7
 Discord                  Hex            4%         N/A       100%        8
 Ignition                 Fire           4%         3d4       100%        8
 Infestation              Necr           4%         N/A       100%        8
 Lehudib's Crystal Spear  Conj/Erth      4%         10d3      100%        8
 Maxwell's Capacitive Co  Air            4%         ∞         100%        8
 Chain Lightning          Conj/Air       4%         3d6       100%        9
 Fire Storm               Conj/Fire      4%         8d1       100%        9
 Polar Vortex             Ice            4%         N/A       100%        9
 Animate Armour           Summ/Erth      Unusable   N/A       N/A         4
 Sublimation of Blood     Necr           Unusable   N/A       N/A         2

Dungeon Overview and Level Annotations

Branches:
Dungeon (15/15)            Temple (1/1) D:4            Lair (5/5) D:11
  Swamp (4/4) Lair:3        Snake (4/4) Lair:3        Slime (0/5) Lair:4
    Orc (2/2) D:11            Elf (3/3) Orc:2        Vaults (5/5) D:13
  Crypt (0/3) Vaults:3     Depths (2/4) D:15         Bailey (visited)
  IceCv (visited)          WizLab (visited)         Desolation (visited)
Gauntlet (visited)

Altars:
Ashenzari
Cheibriados
Dithmenos
Elyvilon
Fedhas
Gozag
Hepliaklqana
Kikubaaqudgha
Makhleb
Nemelex Xobeh
Okawaru
Qazlal
Ru
Sif Muna
Trog
Uskayaw
Vehumet
Wu Jian
Xom
Yredelemnul
Zin
The Shining One
Jiyva
Lugonu

Shops:
D:3 =   D:5 [   Orc:1 ?(=:!   Orc:2 (?*[=   Elf:1 (   Snake:1 ![?   Vaults:1 *
Vaults:2 [

Portals:
Hell: Depths:1 Depths:2
Abyss: Depths:2
Pandemonium: Depths:2
Ziggurat: Depths:1


Innate Abilities, Weirdness & Mutations

You are a living statue of rough stone.
Your actions are slow, but your melee attacks are powerful.
You are resistant to unholy torment.
Your maximum health is greatly increased.
You cannot wear most types of armour.
You are amphibious.
You can wear up to eight rings at the same time.
You are immune to poison.
Your skin changes colour to match your surroundings (Stealth+).
((Your rubbery body absorbs attacks. (AC +1, EV +1)))
((You are camouflaged when in or above water. (Stealth+)))
You have tentacles for arms and can constrict up to eight enemies at once.


Message History

You kill the spriggan defender!
You feel yourself speed up.
A walking frostbound tome comes into view.
The shadow dragon bites you but does no damage.
The shadow dragon barely misses you. The shadow dragon closely misses you.
You barely miss the shadow dragon.
You squeeze the shadow dragon, but do no damage.
The shadow dragon is severely wounded.
The shadow dragon completely misses you.
The shadow dragon claws you but does no damage.
The shadow dragon closely misses you.
You thrash the shadow dragon!!!
You kill the shadow dragon!
The shadow dragon scales are intact enough to wear.
Casting: Manifold Assault (safe; 1% risk of failure)
Confirm with . or Enter, or press ? or * to list all spells.
Okay, then.
The walking frostbound tome erupts in a flurry of living spells!
The walking frostbound tome erupts in a flurry of living spells!
The living spell casts itself at you.
The mass of ice explodes!
The iceblast engulfs you!! You partially resist.
* * * LOW HITPOINT WARNING * * *
Unknown command.
Unknown command.
Unknown command.
Unknown command.
Unknown command.
Unknown command.
Unknown command.
Unknown command.
The living spell casts itself at you.
The mass of ice explodes!
The iceblast engulfs you!! You partially resist.
* * * LOW HITPOINT WARNING * * *
The living spell casts itself at you.
The mass of ice explodes!
The iceblast engulfs you! You partially resist.
You die...

.....##...####................#
.....##.#.......(#####.######.#
.....##.#######'### #.# #.#
.....##.# ###...).####.# #.#
.....##.###÷........#### #+#
#+#####.##...8...8...##
.##........)....##
.#...............#
#.8(.....8....8.#
#.............).#
#...............#
#........;......#
#.8......*...(8.#
#.......†)[.....#
##......[[[*...##
##...8...8...## ##.........##


You could see a walking frostbound tome and 2 living spells.

Vanquished Creatures
  3 ancient liches (Vaults:5)
  A dread lich (Vaults:5)
  Mara (Depths:1)
  2 juggernauts (Depths:2)
  the Lernaean hydra (Swamp:4)
  Bai Suzhen (Vaults:4)
  Vashnia (Snake:3)
  Saint Roka (Snake:3)
  Margery (Vaults:3)
  A golden dragon (Vaults:2)
  Nikola (Swamp:2)
  A Hellbinder (WizLab)
  Norris (Elf:2)
  A bone dragon (Abyss:2)
  A profane servitor (Abyss:2)
  3 tentacled monstrosities (Vaults:5)
  Jorgrun (Swamp:3)
  2 hellephants
  Rupert (Lair:4)
  6 titans
  A lich (Vaults:5)
  5 quicksilver dragons
  2 deep elf master archers (Elf:3)
  2 deep elf blademasters (Elf:3)
  Frances (Swamp:2)
  6 sphinxes
  A tentacled starspawn (Abyss:2)
  Roxanne (Elf:3)
  4 tengu reavers
  Donald (Snake:3)
  6 shadow dragons
  Aizul (Snake:1)
  The ghost of Kipt the Spry, an adept SpFE of Dithmenos (Vaults:2)
  2 storm dragons (Vaults:5)
  2 fenstrider witches
  6 fire giants
  11 nagarajas
  4 deep elf sorcerers
  5 frost giants
  13 vault wardens
  6 deep elf elementalists (Elf:3)
  An imperial myrmidon (Desolation)
  3 angels
  A cacodemon (Gauntlet)
  A ghoul (Swamp:1)
  3 balrugs (WizLab)
  3 orc warlords
  2 spriggan defenders (Depths:2)
  19 ironbound preservers
  18 stone giants
  4 very ugly things
  A reaper (Abyss:2)
  2 formless jellyfish
  6 eleionomae
  Nessos (Orc:2)
  6 ironbound thunderhulks
  2 lorocyprocas (WizLab)
  9 deep elf death magi (Elf:3)
  8 deep elf demonologists
  7 deep elf annihilators
  14 dire elephants
  3 bunyips
  A minotaur (Gauntlet)
  2 halazid warlocks (Desolation)
  3 war gargoyles
  5 ettins
  4 crystal guardians
  An entropy weaver (Vaults:1)
  2 green deaths (WizLab)
  3 blizzard demons
  6 deep elf high priests
  3 fire dragons
  A shambling mangrove (Swamp:4)
  10 ragged hierophants (Desolation)
  17 yaktaur captains
  11 servants of whispers (Desolation)
  6 rakshasas
  Fannar (Lair:1)
  28 hydras
  5 peacekeepers
  43 vault guards
  5 great orbs of eyes
  3 ice dragons
  5 ironbound frosthearts
  3 ogre magi
  3 spriggan air magi
  3 catoblepae (Lair:5)
  15 anacondas
  2 ghost crabs
  2 salamander tyrants (Snake:4)
  7 centaur warriors
  13 alligators
  3 two-headed ogres
  A two-headed ogre (shapeshifter) (Vaults:1)
  3 death knights
  26 dancing weapons
  2 boulder beetles
  10 naga warriors
  3 tengu warriors
  18 death yaks
  5 orc high priests
  11 deep troll shamans
  2 shock serpents
  2 vampire magi (Depths:2)
  An occultist (Depths:1)
  10 deep troll earth magi
  16 naga sharpshooters
  A spriggan berserker (Depths:1)
  5 soul eaters
  8 deep elf knights
  6 hell knights
  4 sun demons (WizLab)
  Nergalle (Orc:1)
  A fire crab (Gauntlet)
  12 iron trolls
  5 skysharks
  3 salamander mystics (Snake:4)
  A skeletal warrior (D:13)
  4 sixfirhies
  A deep troll (shapeshifter) (Elf:2)
  A shadow wraith (Vaults:3)
  4 spriggan druids
  3 large abominations (Abyss:2)
  17 mana vipers
  8 swamp dragons
  2 sea snakes (Snake:3)
  9 lindwurms
  7 deep elf archers
  4 goliath frogs
  20 naga ritualists
  13 bog bodies
  34 deep trolls
  A shadow demon (WizLab)
  12 arcanists
  A shock serpent (shapeshifter) (Vaults:5)
  A flayed ghost (Vaults:5)
  5 glowing orange brains
  26 ironbound convokers
  A swamp dragon (shapeshifter) (Vaults:4)
  7 phantasmal warriors
  22 deep elf zephyrmancers
  26 deep elf pyromancers
  2 harpies (Vaults:2)
  8 necromancers
  2 cyclopes
  11 orc knights
  A death drake (shapeshifter) (Vaults:5)
  A shadow dragon skeleton (Vaults:4)
  27 ugly things
  8 orc sorcerers
  14 salamanders
  Maurice (D:8)
  4 manticores
  6 elephants
  A stone giant skeleton (Vaults:4)
  4 rust devils (WizLab)
  A human skeleton (Vaults:4)
  16 vault sentinels
  A torpor snail (Lair:5)
  2 kobold blastminers (Orc:2)
  53 black mambas
  21 guardian serpents
  An ice statue (IceCv)
  An orange demon (WizLab)
  12 cane toads
  A moth of wrath (shapeshifter) (Vaults:3)
  2 gargoyles
  10 naga magi
  A molten gargoyle (Desolation)
  4 smoke demons
  An elf skeleton (Vaults:4)
  An eye of devastation (shapeshifter) (D:15)
  2 tormentors
  A hellion (WizLab)
  23 yaktaurs
  3 rime drakes
  An unseen horror (D:12)
  A kobold demonologist (D:12)
  2 efreet
  5 ancient zymes (Abyss:2)
  8 komodo dragons
  4 freezing wraiths
  A red devil (WizLab)
  6 trolls
  2 hornets (shapeshifter)
  8 tyrant leeches
  2 hellwings (WizLab)
  11 hornets
  A troll (shapeshifter) (Depths:1)
  13 polar bears
  58 saltlings (Desolation)
  8 blink frogs
  15 dream sheep
  4 raiju (Abyss:2)
  26 slime creatures
  A jumping spider (Vaults:1)
  2 small abominations (Abyss:2)
  2 air elementals
  A culicivora (Lair:1)
  A slime creature (shapeshifter) (Vaults:5)
  2 shadows
  11 spriggans
  A ynoxinul (Abyss:2)
  5 fire bats (Gauntlet)
  3 wraiths
  82 yaks
  4 basilisks
  4 wargs
  7 wyverns
  3 neqoxecs (Abyss:2)
  Grum (Lair:1)
  A steam dragon (Lair:2)
  2 fire elementals
  A human zombie (Vaults:4)
  12 vampire mosquitoes
  A two-headed ogre zombie (D:11)
  37 nagas
  17 swamp worms
  An acid dragon (D:12)
  2 hell hounds (Gauntlet)
  21 water moccasins
  A black bear (D:5)
  3 sky beasts
  8 swamp drakes
  4 ice beasts
  19 orc warriors
  2 laughing skulls (D:14)
  14 boggarts
  4 ogres
  6 centaurs
  30 wolves
  2 phantoms
  2 weeping skulls (Abyss:2)
  5 kobold brigands
  A necrophage (Swamp:1)
  7 bullfrogs
  2 earth elementals (Elf:2)
  5 scorpions
  5 wights (D:8)
  2 troll zombies (D:11)
  A human simulacrum (Vaults:4)
  An elephant simulacrum (Lair:5)
  17 killer bees
  9 howler monkeys
  2 electric eels (Lair:2)
  A quasit (Abyss:2)
  A jelly (D:6)
  18 orc priests
  2 hounds (D:5)
  An iron imp (Abyss:2)
  An iguana (D:11)
  2 gnoll boudas
  12 hell rats
  24 orc wizards
  A wolf simulacrum (Lair:5)
  5 ogre zombies (D:11)
  6 gnolls
  8 adders
  A shadow imp (D:5)
  5 white imps
  2 ufetubi (D:5)
  A dart slug (D:4)
  50 orcs
  5 ball pythons
  6 bats
  5 endoplasms
  2 giant cockroaches
  2 gnoll zombies (D:11)
  4 goblins
  6 hobgoblins
  4 jackals (D:2)
  2 quokkas
  3 frilled lizards
  4 gnoll skeletons (D:11)
  32 kobolds
  19 orc zombies (D:11)
  5 rats
1868 creatures vanquished.

Vanquished Creatures (collateral kills)
  A formless jellyfish (Vaults:3)
  An entropy weaver (Vaults:3)
  2 deep trolls (Vaults:3)
  An ugly thing (Vaults:3)
  A redback (Vaults:3)
6 creatures vanquished.

Vanquished Creatures (others)
  A salamander (Snake:4)
  2 bloated husks
  An orc priest (Snake:3)
  2 orcs (Snake:3)
6 creatures vanquished.

Grand Total: 1880 creatures vanquished

Notes
Turn   | Place    | Note
-------+----------+-------------------------------------------
     0 | D:1      | Cheops the Octopode Shapeshifter began the quest for the
                  | Orb.
     0 | D:1      | Reached XP level 1. HP: 13/13 MP: 1/1
   120 | D:1      | Reached XP level 2. HP: 14/18 MP: 2/2
   640 | D:1      | You fall into a shaft and drop 1 floor!
   659 | D:2      | Reached XP level 3. HP: 22/23 MP: 3/3
  1105 | D:3      | Reached XP level 4. HP: 28/28 MP: 4/4
  1287 | D:3      | Found Oretzeg's Jewellery Shop.
  1377 | D:3      | Found a faded altar of an unknown god.
  1976 | D:4      | Found a staircase to the Ecumenical Temple.
  1987 | Temple   | Entered the Ecumenical Temple
  2007 | Temple   | Became a worshipper of Uskayaw the Reveller
  2055 | D:4      | Noticed a scorpion
  2057 | D:4      | Reached * piety under Uskayaw
  2058 | D:4      | Reached skill level 5 in Shapeshifting
  2060 | D:4      | Reached ** piety under Uskayaw
  2061 | D:4      | Killed a scorpion
  2062 | D:4      | Reached XP level 5. HP: 29/33 MP: 5/5
  2237 | D:4      | Reached XP level 6. HP: 38/38 MP: 6/6
  2510 | D:3      | Bought a ring of poison resistance for 200 gold pieces
  2562 | D:5      | Entered Level 5 of the Dungeon
  2638 | D:5      | Noticed an ice beast
  2649 | D:5      | Killed an ice beast
  2687 | D:5      | Found Qausk's Armour Shop.
  2801 | D:5      | Noticed a black bear
  2803 | D:5      | Reached *** piety under Uskayaw
  2807 | D:5      | Reached **** piety under Uskayaw
  2809 | D:5      | Killed a black bear
  2810 | D:5      | Reached XP level 7. HP: 22/43 MP: 7/7
  2974 | D:5      | Reached skill level 4 in Unarmed Combat
  3439 | D:6      | Reached skill level 5 in Unarmed Combat
  3718 | D:6      | Found a sparkling altar of Nemelex Xobeh.
  4267 | D:7      | Reached XP level 8. HP: 30/52 MP: 8/8
  5285 | D:8      | Noticed Maurice
  5292 | D:8      | Paralysed by something for 5 turns
  5294 | D:8      | Something stole a flux talisman
  5295 | D:8      | Something stole 218 gold
  5304 | D:8      | HP: 2/48 [something (8)]
  5312 | D:8      | Killed Maurice
  5313 | D:8      | Reached skill level 10 in Shapeshifting
  5313 | D:8      | Reached skill level 1 in Evocations
  5313 | D:8      | Reached XP level 9. HP: 15/56 MP: 0/9
  5550 | D:8      | Reached skill level 1 in Invocations
  5634 | D:8      | Reached ***** piety under Uskayaw
  6340 | D:8      | Found Yfuer's Vocational Training.
  6370 | D:8      | Reached skill level 5 in Fighting
  6375 | D:8      | Reached skill level 6 in Unarmed Combat
  6627 | D:8      | Identified a scroll of acquirement
  6629 | D:8      | Acquired a manual of Unarmed Combat
  6826 | D:9      | Reached skill level 7 in Unarmed Combat
  6962 | D:9      | Noticed a two-headed ogre
  6971 | D:9      | Killed a two-headed ogre
  6972 | D:9      | Reached skill level 9 in Unarmed Combat
  6972 | D:9      | Reached XP level 10. HP: 45/66 MP: 13/13
  7054 | D:9      | Reached skill level 10 in Unarmed Combat
  7163 | D:9      | Noticed a two-headed ogre
  7167 | D:9      | Killed a two-headed ogre
  7168 | D:9      | Reached skill level 11 in Unarmed Combat
  7674 | D:10     | Entered Level 10 of the Dungeon
  7677 | D:10     | Reached skill level 12 in Unarmed Combat
  7711 | D:10     | Found a flagged portal.
  7723 | Bailey   | Entered a bailey
  7996 | Bailey   | Noticed an orc knight
  8438 | Bailey   | Reached skill level 13 in Unarmed Combat
  8448 | Bailey   | Killed an orc knight
  8545 | Bailey   | Found a large runed translucent door.
  8545 | Bailey   | Found a large runed translucent door.
  8546 | Bailey   | Noticed a deep elf pyromancer
  8591 | Bailey   | Killed a deep elf pyromancer
  8592 | Bailey   | Reached skill level 14 in Unarmed Combat
  8984 | D:10     | Reached XP level 11. HP: 71/71 MP: 14/14
  9487 | D:10     | Reached skill level 15 in Unarmed Combat
  9685 | D:11     | Noticed a centaur warrior
  9690 | D:11     | Killed a centaur warrior
  9900 | D:11     | Found a staircase to the Lair.
 10176 | D:11     | Found a staircase to the Orcish Mines.
 11110 | D:11     | Learned a level 1 spell: Apportation
 11113 | D:11     | Learned a level 2 spell: Blink
 11118 | D:11     | Learned a level 4 spell: Passage of Golubria
 11443 | Lair:1   | Entered Level 1 of the Lair of Beasts
 11839 | Lair:1   | Noticed Fannar
 11894 | Lair:1   | Reached XP level 12. HP: 75/77 MP: 15/15
 12167 | Lair:1   | Killed Fannar
 12271 | Lair:1   | Noticed Grum
 12279 | Lair:1   | Killed Grum
 12416 | Lair:1   | Noticed Urug
 12794 | Lair:1   | Urug changed into Urug the culicivora
 12794 | Lair:1   | Noticed Urug
 12800 | Lair:1   | Killed Urug the culicivora
 13261 | D:3      | Bought a granite talisman for 600 gold pieces
 13553 | Lair:2   | Noticed a seven-headed hydra
 13580 | Lair:2   | Killed a seven-headed hydra
 13680 | Lair:2   | Noticed a death yak
 13680 | Lair:2   | Noticed a death yak
 13680 | Lair:2   | Noticed a death yak
 13683 | Lair:2   | Noticed a death yak
 13683 | Lair:2   | Noticed a death yak
 13684 | Lair:2   | Noticed a death yak
 13690 | Lair:2   | Killed a death yak
 13693 | Lair:2   | Killed a death yak
 13693 | Lair:2   | Killed a death yak
 13693 | Lair:2   | Killed a death yak
 13694 | Lair:2   | Killed a death yak
 13695 | Lair:2   | Killed a death yak
 13696 | Lair:2   | Reached skill level 15 in Shapeshifting
 13880 | Lair:2   | Reached XP level 13. HP: 81/81 MP: 16/16
 14120 | Lair:2   | Reached ****** piety under Uskayaw
 14133 | Lair:2   | Reached skill level 5 in Invocations
 14686 | Lair:3   | Found a staircase to the Swamp.
 15118 | Lair:3   | Found a staircase to the Snake Pit.
 15319 | Lair:3   | Reached skill level 10 in Invocations
 15458 | Lair:3   | Reached skill level 1 in Translocations
 15474 | Lair:3   | Reached skill level 1 in Spellcasting
 15731 | Lair:4   | Reached XP level 14. HP: 88/88 MP: 21/21
 15740 | Lair:4   | Noticed Rupert
 15741 | Lair:4   | Paralysed by Rupert for 3 turns
 15883 | Lair:4   | Killed Rupert
 15884 | Lair:4   | Reached skill level 5 in Translocations
 16795 | Lair:4   | Found a viscous altar of Jiyva.
 16795 | Lair:4   | Found a staircase to the Slime Pits.
 17319 | D:12     | Found a shimmering blue altar of Sif Muna.
 17556 | D:13     | Found a gate to the Vaults.
 17561 | D:13     | Found a gate leading to a gauntlet.
 17570 | Gauntlet | Entered a Gauntlet
 17570 | Gauntlet | Found a transporter.
 17570 | Gauntlet | Found a runed translucent door.
 17712 | Gauntlet | Found a runed translucent door.
 17714 | Gauntlet | Found a transporter.
 17718 | Gauntlet | Found a transporter.
 17726 | Gauntlet | Found a transporter.
 17730 | Gauntlet | Found a transporter.
 17738 | Gauntlet | Found a transporter.
 17740 | Gauntlet | Noticed a cacodemon
 17742 | Gauntlet | Found a transporter.
 17753 | Gauntlet | Found a transporter.
 17754 | Gauntlet | Found a transporter.
 17762 | Gauntlet | Found a transporter.
 17792 | Gauntlet | Found a transporter.
 17804 | Gauntlet | Found a transporter.
 17817 | Gauntlet | Found a transporter.
 17830 | Gauntlet | Found a transporter.
 17988 | Gauntlet | Killed a cacodemon
 18253 | Gauntlet | Identified the +9 scimitar of the Owl {venom, rF+}
 18264 | Gauntlet | Identified the +0 robe "Latocauho" {Dex+3}
 18265 | Gauntlet | Got the Vellum of the Serac
 18919 | D:13     | Reached skill level 10 in Fighting
 19271 | D:13     | Identified the +3 glaive of Skirmishing {vamp, rElec rCorr
                  | Dex+3}
 19740 | D:13     | Found a gate to the Vaults.
 20474 | D:13     | Found a gate to the Vaults.
 20874 | D:14     | Reached skill level 5 in Dodging
 20876 | D:14     | Reached XP level 15. HP: 103/103 MP: 22/22
 21594 | D:15     | Entered Level 15 of the Dungeon
 22050 | D:15     | Found a staircase to the Depths.
 22993 | Lair:4   | Learned a level 3 spell: Gell's Gravitas
 22997 | Lair:4   | Learned a level 3 spell: Teleport Other
 23006 | Lair:5   | Entered Level 5 of the Lair of Beasts
 23120 | Lair:5   | Found a frozen archway.
 23147 | IceCv    | Entered an ice cave
 23189 | IceCv    | Reached skill level 10 in Dodging
 23665 | IceCv    | Noticed a frost giant
 23694 | IceCv    | Killed a frost giant
 23789 | IceCv    | Identified the +7 halberd of Xecken {drain, Fly rCorr MP-9
                  | SInv}
 23984 | Lair:5   | Reached skill level 5 in Spellcasting
 24044 | Lair:5   | Reached XP level 16. HP: 109/109 MP: 23/23
 24887 | Orc:1    | Entered Level 1 of the Orcish Mines
 24888 | Orc:1    | Found Peggik's Distillery.
 24899 | Orc:1    | Noticed Nergalle
 24906 | Orc:1    | Killed Nergalle
 25026 | Orc:1    | Bought a potion of heal wounds for 60 gold pieces
 25026 | Orc:1    | Bought a potion of heal wounds for 60 gold pieces
 25096 | Orc:1    | Found Otro Vocso's Book Shoppe.
 25113 | Orc:1    | Reached skill level 10 in Translocations
 25328 | Orc:1    | Learned a level 6 spell: Dispersal
 25329 | Orc:2    | Entered Level 2 of the Orcish Mines
 25329 | Orc:2    | Found a staircase to the Elven Halls.
 25329 | Orc:2    | Found Waruisis's Jewellery Emporium.
 25492 | Orc:1    | Found Ahun's Jewellery Boutique.
 25569 | Orc:1    | Found Ecaerot's Magic Scroll Emporium.
 25581 | Orc:1    | Bought a scroll of blinking for 105 gold pieces
 25581 | Orc:1    | Bought a scroll of revelation for 105 gold pieces
 25581 | Orc:1    | Bought a scroll of teleportation for 42 gold pieces
 25581 | Orc:1    | Bought a scroll of teleportation for 42 gold pieces
 25581 | Orc:1    | Bought a scroll of teleportation for 42 gold pieces
 25603 | Orc:1    | Found Estra's Weapon Shoppe.
 25728 | Orc:2    | Noticed Nessos
 25843 | Orc:2    | Killed Nessos
 25971 | Orc:2    | Reached skill level 16 in Unarmed Combat
 26211 | Orc:2    | Found Myllio Cufe's Antique Weapon Shoppe.
 26331 | Orc:2    | Paralysed by an orc sorcerer for 3 turns
 26435 | Orc:2    | Found Linugu Betu's General Store.
 26441 | Orc:2    | Found Epsamyel's Antique Armour Shop.
 26443 | Orc:2    | Found Cicithri's Magic Scroll Shoppe.
 26659 | Snake:1  | Entered Level 1 of the Snake Pit
 26932 | Snake:1  | Identified the serpent talisman of the Vacuum {rF+ Str+3
                  | SInv}
 26932 | Snake:1  | Noticed Aizul
 26951 | Snake:1  | Killed Aizul
 27279 | Snake:1  | Found Oczojus's Distillery.
 27281 | Snake:1  | Found Lalel's Armour Shoppe.
 27284 | Snake:1  | Found Sugalaj's Magic Scroll Emporium.
 27287 | Snake:1  | Bought a potion of magic for 88 gold pieces
 27308 | Snake:1  | Reached skill level 17 in Unarmed Combat
 27946 | Snake:2  | Noticed a nagaraja
 27949 | Snake:2  | Killed a nagaraja
 28622 | Snake:2  | Identified the +7 arbalest of the Known World {antimagic,
                  | Will+}
 28651 | Snake:2  | Reached XP level 17. HP: 115/115 MP: 24/24
 28684 | Snake:2  | Identified the +6 broad axe of the Salmon {holy, rCorr
                  | Dex-5 SInv}
 28689 | Snake:2  | Got Sif Muna's Almanac of the Flamy Graveyard
 28700 | Snake:2  | Identified the +1 short sword of Painful Death {freeze,
                  | rPois rC+ MP+9 Str-3}
 28883 | Snake:2  | Got the Compendium of Toxicants and Support
 28962 | Snake:2  | Learned a level 4 spell: Manifold Assault
 29052 | Snake:3  | Noticed Saint Roka
 29107 | Snake:3  | Noticed Vashnia
 29111 | Snake:3  | Noticed Donald
 29347 | Snake:3  | Killed Saint Roka
 29471 | Snake:3  | Killed Donald
 29638 | Snake:3  | Killed Vashnia
 30245 | Snake:3  | Learned a level 3 spell: Volatile Blastmotes
 30440 | D:8      | Bought a manual of Invocations for 1200 gold pieces
 30565 | Swamp:1  | Entered Level 1 of the Swamp
 31333 | Swamp:1  | Reached XP level 18. HP: 120/120 MP: 27/27
 31392 | Swamp:2  | Noticed Nikola
 31407 | Swamp:2  | Killed Nikola
 31569 | Swamp:2  | Noticed Frances
 31582 | Swamp:2  | Killed Frances
 31624 | Swamp:2  | Reached skill level 15 in Invocations
 32006 | Swamp:3  | HP: 5/156 [spriggan rider/+0 spear[a spriggan druid] (11)]
 32611 | Swamp:3  | Noticed Jorgrun
 32616 | Swamp:3  | Killed Jorgrun
 33004 | Swamp:4  | Entered Level 4 of the Swamp
 33846 | Swamp:4  | Noticed the 27-headed Lernaean hydra
 33852 | Swamp:4  | Killed the 27-headed Lernaean hydra
 33974 | Swamp:4  | Got a decaying rune of Zot
 34644 | Snake:4  | Entered Level 4 of the Snake Pit
 34771 | Snake:4  | Reached XP level 19. HP: 134/134 MP: 29/31
 35093 | Snake:3  | Reached skill level 15 in Fighting
 35446 | Snake:4  | Found an iron altar of Okawaru.
 35746 | Snake:4  | Identified the +4 ring mail of True Grit {-Cast rCorr Dex+6
                  | Stlth+}
 36401 | Snake:4  | Got a serpentine rune of Zot
 36682 | Vaults:1 | Entered Level 1 of the Vaults
 36913 | D:8      | Bought a manual of Evocations for 1200 gold pieces
 37430 | Vaults:1 | Identified the +1 pair of gloves of Xoizagel {rC+++ Will+++
                  | Slay-3 Stlth+}
 37525 | Vaults:1 | Identified the +8 dire flail "Giantbane" {chaos, rElec rF-
                  | Int+8}
 37568 | Vaults:1 | Reached skill level 5 in Evocations
 37574 | Vaults:1 | Reached XP level 20. HP: 149/149 MP: 32/32
 38043 | Vaults:1 | Found Wakh's Assorted Antiques.
 39806 | Vaults:2 | Found a transporter.
 39822 | Vaults:2 | Noticed a golden dragon
 39823 | Vaults:2 | Noticed Kipt's ghost (adept SpFE)
 39938 | Vaults:2 | Found Fymiug's Armour Shop.
 40027 | Vaults:2 | Found a transporter.
 40076 | Vaults:2 | Reached skill level 10 in Evocations
 40541 | Vaults:3 | Found a crumbling gateway.
 40543 | Vaults:3 | Found a white marble altar of Elyvilon.
 40543 | Vaults:3 | Found a glowing silver altar of Zin.
 40543 | Vaults:3 | Found a glowing golden altar of the Shining One.
 40566 | Desolati | Entered the Desolation of Salt
 40818 | Desolati | Reached XP level 21. HP: 154/154 MP: 33/33
 41184 | Desolati | Got Ihit's Excursus on the Snowflakes
 41218 | Desolati | Identified the ring of the Fool {*Slow rElec rPois Str+2}
 41220 | Desolati | Identified the ring of Raunynenn {rPois Dex+5}
 41229 | Desolati | Identified the amulet "Nobryxam" {Acrobat Str+3}
 41232 | Desolati | Got the Compendium of Bones and Formulae
 41289 | Desolati | Identified the +6 mace of Sharkskin {holy, +Blink Int+4}
 41292 | Desolati | Identified the ring "Puemm" {Fire +Blink Dex-5 SInv}
 41299 | Desolati | Identified the +0 quarterstaff of Watchfulness {freeze,
                  | rCorr}
 41301 | Desolati | Found the +2 cloak of the Thief {*Fog Slay-2 SInv Stlth+}
 41304 | Desolati | Got the Parchment of Accomplices
 41308 | Desolati | Got the Papyrus of Feathers
 42060 | Vaults:3 | Noticed Margery
 42064 | Vaults:3 | Killed Margery
 42628 | Orc:1    | Bought a ring of willpower for 325 gold pieces
 42703 | Elf:1    | Entered Level 1 of the Elven Halls
 42920 | Elf:1    | Found Vapros's Antique Weapon Boutique.
 43770 | Elf:1    | Got the Omnibus of Summoned Battling
 43972 | Elf:2    | Noticed Norris
 44148 | Elf:2    | Reached skill level 18 in Unarmed Combat
 44179 | Elf:2    | Killed Norris
 44513 | Elf:2    | Found a runed translucent gate.
 44513 | Elf:2    | Found a runed translucent gate.
 44518 | Elf:2    | Found a runed translucent gate.
 46793 | Elf:3    | Entered Level 3 of the Elven Halls
 47224 | Elf:3    | Reached skill level 19 in Unarmed Combat
 47389 | Elf:3    | Identified the granite talisman of Card Tricks {Will++
                  | Dex-3}
 47389 | Elf:3    | Noticed Roxanne
 47394 | Elf:3    | Killed Roxanne
 47658 | Elf:3    | Reached XP level 22. HP: 162/162 MP: 34/34
 47893 | Elf:3    | Paralysed by an air elemental for 1 turns
 47899 | Elf:3    | Paralysed by an air elemental for 1 turns
 48447 | Elf:3    | Identified the +0 pair of boots of Somewhere Else {rF+
                  | Will+}
 48643 | Elf:3    | Reached skill level 20 in Unarmed Combat
 48697 | Elf:3    | Identified the +0 robe of Hide-and-Seek {rElec Will+ MP-9
                  | Str+4}
 48894 | Elf:3    | Identified the amulet of Nakhlox {Acrobat Int+3}
 48909 | Elf:3    | Got the Secrets of Ironbound Hoarfrost
 48966 | Elf:3    | Identified the ring of Fihetato {Fire rN+ rCorr Str+4
                  | Int+3}
 48968 | Elf:3    | Got the Folio of the Grim Tincture
 49019 | Elf:3    | Identified the +6 triple crossbow "Hyisoc" {drain, Stlth+}
 49350 | Abyss:2  | Cast into level 2 of the Abyss (a deep elf demonologist)
 49485 | Abyss:2  | Noticed a profane servitor
 49490 | Abyss:2  | Killed a profane servitor
 49738 | Elf:3    | Escaped the Abyss
 50183 | Elf:3    | Reached skill level 21 in Unarmed Combat
 50847 | Orc:1    | Bought the amulet of Yendor {rElec rC- Regen+ MP+9 Str+8}
                  | for 945 gold pieces
 50902 | Orc:2    | Bought an amulet of reflection for 450 gold pieces
 51718 | Vaults:3 | Found a staircase to the Crypt.
 51880 | Vaults:3 | You fall into a shaft and drop 1 floor!
 51881 | Vaults:4 | Found a magical portal.
 51972 | WizLab   | Entered The Hall of the Hellbinder
 52197 | WizLab   | Reached skill level 22 in Unarmed Combat
 52713 | WizLab   | Noticed Roxkexka
 52720 | WizLab   | Killed Roxkexka the Hellbinder
 52721 | WizLab   | Reached XP level 23. HP: 167/167 MP: 35/35
 52810 | WizLab   | Got the Compilation of Support
 52811 | WizLab   | Identified the ring of Existentialism {*Slow rElec rC+ rN+}
 52838 | WizLab   | Found a burning altar of Makhleb.
 53704 | Vaults:4 | Noticed Bai Suzhen
 53716 | Vaults:4 | Killed Bai Suzhen
 53717 | Vaults:4 | Reached skill level 23 in Unarmed Combat
 53999 | Vaults:3 | Found a transporter.
 54066 | Vaults:3 | Identified the +1 robe of the Untouchables {rElec}
 54067 | Vaults:3 | Found a transporter.
 55052 | Vaults:5 | Entered Level 5 of the Vaults
 55057 | Vaults:5 | Reached skill level 1 in Summonings
 55063 | Vaults:5 | Reached skill level 5 in Summonings
 55716 | Vaults:4 | Reached skill level 10 in Summonings
 55928 | Vaults:5 | Noticed an ancient lich
 55935 | Vaults:5 | Killed an ancient lich
 56154 | Vaults:5 | Noticed an ancient lich
 56157 | Vaults:5 | Killed an ancient lich
 56389 | Vaults:5 | Noticed a dread lich
 56391 | Vaults:5 | Killed a dread lich
 56419 | Vaults:5 | Reached XP level 24. HP: 118/173 MP: 35/35
 56651 | Vaults:5 | Identified the +10 sling "Naat" {speed, +Blink rElec Int+2}
 56652 | Vaults:5 | Identified the +8 mace of Retac {flame, rElec rN+ Will+}
 56814 | Vaults:5 | Reached skill level 10 in Spellcasting
 56947 | Vaults:5 | Noticed an ancient lich
 56951 | Vaults:5 | Killed an ancient lich
 57278 | Vaults:5 | Identified the +4 trident of Watchfulness {elec, Str-2
                  | Int+5}
 57739 | Vaults:5 | Got A Primer on Sorcery
 57810 | Vaults:5 | Got a silver rune of Zot
 58493 | Vaults:2 | Killed Kipt's ghost
 58885 | Vaults:3 | Identified the amulet of Gukapt {Acrobat rF+}
 58886 | Vaults:3 | Identified the +6 battleaxe "Puitij" {flame, rF+ Will+}
 58922 | Vaults:3 | Learned a level 7 spell: Malign Gateway
 59144 | Depths:1 | Entered Level 1 of the Depths
 59144 | Depths:1 | Noticed Mara
 59149 | Depths:1 | Noticed Cheops's illusion
 59152 | Depths:1 | Killed Mara
 59248 | Depths:1 | Found a gateway to Hell.
 59335 | Depths:1 | Found a one-way gateway to a ziggurat.
 59348 | Depths:1 | Found a basalt altar of Yredelemnul.
 59901 | Depths:1 | Reached XP level 25. HP: 179/179 MP: 40/40
 60744 | Depths:2 | Found a one-way gate leading to the halls of Pandemonium.
 60847 | Depths:2 | Found a corrupted altar of Lugonu.
 60848 | Depths:2 | Found a one-way gate to the infinite horrors of the Abyss.
 60864 | Depths:2 | Noticed a juggernaut
 60870 | Depths:2 | Killed a juggernaut
 61021 | Depths:2 | Noticed a juggernaut
 61033 | Depths:2 | Killed a juggernaut
 61043 | Depths:2 | Killed from afar by a living spell

Illustrated notes

Levels and vault maps discovered:
D:1:      mrwooster_arrival_statue_2, layout_loops_cross,
          chequers_serial_rivers_room_b
D:2:      layout_rooms, minmay_tetromino_t4
D:3:      layout_loops_ring, serial_shops, nicolae_shop_gaudy_bauble,
          shapermc_ecumenical_altar_petra, roderic_lattice_a
D:4:      layout_basic, minmay_temple_entry_purple_smoke
D:5:      layout_cave_pools, nicolae_overflow_hidden_temple, serial_shops,
          nicolae_shop_window_shopping, minmay_holes, minivault_27,
          chequers_mini_garden, nicolae_elevator_lobby_plus
D:6:      layout_cave_pools, mainiacjoe_overflow_cross_hatched
D:7:      layout_basic, grunt_ogre_cave
D:8:      layout_basic, nicolae_shop_vocational, uniq_maurice
D:9:      layout_loops_ring, minmay_quadrilaterals
D:10:     layout_cave_pods, enter_bailey_2
D:11:     layout_basic, minmay_lair_entry_grove, zombieorc2_lemuel
D:12:     layout_rooms, serial_bayou_pond_a, lemuel_blue_sif_altar
D:13:     layout_long_grid, erik_vaults_2, gauntlet_entry_generic
D:14:     layout_rooms, interstate_on_off, nicolae_hexahallways
D:15:     gammafunk_enter_depths_forms, layout_loops_ring,
          minmay_misc_feat_cross
Temple:   nicolae_temple_slightly_damp_pantheon
Lair:1:   layout_roguey, beast_lair_carwin_7, grunt_megastairs_1,
          lemuel_fruit_tree, uniq_urug, uniq_grum, uniq_fannar
Lair:2:   nzn_winding_woodlands_large [nzn_winding_woodlands_5x5_checkerboard,
          nzn_winding_woodlands_5x15_lazy_stream,
          nzn_winding_woodlands_5x5_three,
          nzn_winding_woodlands_center_triple_pond,
          nzn_winding_woodlands_15x15_eel_pit,
          nzn_winding_woodlands_center_pierced_h,
          nzn_winding_woodlands_5x5_default, nzn_winding_woodlands_5x15_jagged,
          nzn_winding_woodlands_5x5_default], layout_misc_corridors
Lair:3:   layout_long_grid, swamp_mist_pool, alex1729_snake_entry_snake,
          serial_rivers, chequers_serial_rivers_micro_b,
          chequers_serial_rivers_micro_d, chequers_serial_rivers_room_b,
          chequers_serial_rivers_micro_a, bh_autumn_forest_stairs,
          serial_bayou_pond_e, serial_bayou_shore_b
Lair:4:   layout_gridlike, dpeg_slime_entry_corner, serial_bayou_shore_a,
          uniq_rupert
Lair:5:   evilmike_catoblepas_cave, layout_loops_ring,
          portal_ice_cave_entry_ice_simulacra, kilobyte_rumbling_trees,
          grunt_megastairs_3
Swamp:1:  layout_basic_swamp, nicolae_swamp_very_dense_foliage,
          cheibrodos_swamp_witchery
Swamp:2:  layout_falls_marsh, evilmike_swamp_ruin_house_5, swamp_pool_3,
          uniq_nikola, uniq_frances
Swamp:3:  layout_falls_marsh, evilmike_swamp_ruin_house_1, swamp_pool_1_2,
          nicolae_swamp_stuck_in_the_mud, uniq_jorgrun
Swamp:4:  grunt_swamp_rune_castle, layout_basic_swamp
Snake:1:  layout_honeycomb, minmay_shop_star, uniq_aizul
Snake:2:  layout_honeycomb, nicolae_snake_slithery_corners,
          nicolae_snake_naga_rites
Snake:3:  nicolae_snake_attic_fulla_snakes, layout_concentric_octagons,
          nrook_guardian_serpent_ordinary, uniq_saint_roka, uniq_vashnia,
          uniq_donald
Snake:4:  snake_hunt, layout_cave_town, basic_altar, grunt_ministairs_4
Orc:1:    layout_caves, basic_altar, serial_shops, nicolae_book_shop_shelving,
          shop, nicolae_shop_hallway_plus, nicolae_shop_tiny_waterfront,
          nicolae_diamond_shop, uniq_nergalle
Orc:2:    st_orc_elflike, layout_caves, minmay_shop_enchanted_jewellery,
          uniq_nessos
Elf:1:    eino_elf_arrival_the_gate, layout_gridlike, serial_shops, shop,
          minmay_elf_sorcery, hangedman_decor_cross_pass
Elf:2:    elven_hall_of_blades_hangedman_original [nicolae_blade_little_rooms],
          layout_gridlike, serial_glass, glass_columns_b, glass_columns_a,
          glass_columns_b, glass_columns_c, glass_columns_a, uniq_norris
Elf:3:    elf_hall, layout_loops_corners, uniq_roxanne
Vaults:1: nicolae_vaults_alarming, ontoclasm_vaults_chip,
          nicolae_vaults_ring_of_whatevers,
          vaults_room_grunt_arrival_checkpoint, nicolae_vaults_tetromino_Z_2,
          nicolae_vaults_shrinking_rooms_1, nicolae_vaults_trapezoid_lopsided_4,
          st_octagons_1, hangedman_vaults_corner, v_alt_pattern_5, v_misc_8,
          vaults_room_stairs_pillars, nicolae_vaults_double_plus_1,
          layout_vaults_maze_snakey, serial_shops, nicolae_shop_stone
Vaults:2: nzn_ghost_randoct, v_rooms_3, hangedman_vaults_corner_blocks,
          nicolae_vaults_back_hallway, v_misc_14, v_misc_28, v_pattern_4,
          v_misc_11, nicolae_vaults_house_3, nicolae_vaults_closet_pinwheel_3,
          grunt_vaults_hallway_short, nicolae_vaults_storage_closets_3,
          ontoclasm_vaults_ligature, layout_vaults_omnibox, serial_shops,
          nicolae_diamond_shop
Vaults:3: portal_desolation_entry_holy_temple, hangedman_vaults_stream,
          ontoclasm_vaults_decontamination, v_misc_9, gammafunk_the_bubble
          [the_bubble_gammafunk_crates], hangedman_vaults_cutoff,
          nicolae_vaults_mini_display_case,
          nicolae_vaults_doubleplus_tesselated, layout_vaults_omnigrid,
          blue_anna_dwarven_crypt, uniq_margery
Vaults:4: infiniplex_enter_wizlab_glasses, nicolae_vaults_surprise_closet,
          ontoclasm_vaults_shuriken, nicolae_vaults_cochlea, v_misc_1,
          vaults_dpeg_encased_lava, hangedman_vaults_nodes, v_pattern_3,
          v_misc_1, vaults_mumra_hex, nicolae_vaults_trapezoid_2, serial_ice_b,
          nicolae_vaults_apartment_1, nicolae_vaults_bisected_slash,
          nicolae_vaults_asterisk, nicolae_vaults_apartment_1,
          vaults_dpeg_diagonal, layout_vaults_big_room, uniq_bai_suzhen
Vaults:5
Depths:1: layout_gridlike, enter_ziggurat_f, dk_noncrumbling_2, hell_entry,
          yredelemnul_altar_generic, uniq_mara
Depths:2: kennysheep_green_arena, layout_gridlike, grunt_pan_entry_spiral,
          abyss_entry_flame_altar, hell_entry

Skill      XL: |  1  2  3  4  5  6  7  8  9 10 11 12 13 14 15 16 17 18 19 20 21 22 23 24 25 |
---------------+----------------------------------------------------------------------------+-----
Shapeshifting  | 4 5 6 7 10 12 15 16 19 21 | 21.7
Unarmed Combat | 5 9 14 15 17 19 22 23 | 23.0
Fighting       | 3 5 10 13 16 | 16.7
Evocations     | 1 2 5 12 14 | 14.0
Invocations    | 4 10 12 17 | 17.0
Translocations | 3 6 7 10 12 14 | 14.4
Spellcasting   | 2 3 5 8 13 | 13.0
Dodging        | 5 11 | 11.1
Summonings     | 12 | 12.4

Action                     |  1- 3 |  4- 6 |  7- 9 | 10-12 | 13-15 | 16-18 | 19-21 | 22-24 | 25-27 || total
---------------------------+-------+-------+-------+-------+-------+-------+-------+-------+-------++-------
  Melee: Unarmed           |    63 |    74 |   179 |   326 |   595 |   753 |   847 |   801 |   120 ||  3758
         Constrict         |    14 |    20 |    32 |    58 |    25 |    45 |    88 |    66 |     9 ||   357
         Tentacles         |    12 |    20 |    28 |    60 |    63 |   107 |   137 |   149 |    25 ||   601
         Punch             |     1 |     1 |     6 |    28 |    67 |    79 |    93 |   122 |    16 ||   413
         Tailslap          |       |       |       |       |    39 |    30 |    41 |    23 |       ||   133
         Bite              |       |       |       |       |    29 |    25 |    29 |    11 |       ||    94
   Cast: Volatile Blastmot |       |       |       |       |       |     3 |     2 |       |       ||     5
         Manifold Assault  |       |       |       |       |       |       |    11 |    50 |    13 ||    74
         Passage of Golubr |       |       |       |       |       |       |     5 |       |       ||     5
         Teleport Other    |       |       |       |       |       |       |       |       |     1 ||     1
 Invoke: Stomp             |       |       |       |       |     1 |       |       |       |       ||     1
         Grand Finale      |       |       |       |       |       |     1 |     2 |     2 |       ||     5
Ability: Begin Untransform |       |     1 |     1 |       |     2 |       |       |     1 |       ||     5
         Breathe Fire      |       |       |       |       |     2 |     1 |     7 |     3 |       ||    13
  Evoke: Wand              |       |       |       |    13 |       |     2 |       |     1 |       ||    16
         Sack of spiders   |       |       |       |       |       |     1 |     1 |       |       ||     2
         Phial of floods   |       |       |       |       |       |       |       |     1 |       ||     1
    Use: Scroll            |       |     6 |    11 |     7 |     6 |     9 |    10 |     7 |       ||    56
         Potion            |       |       |     3 |     1 |     1 |     6 |     3 |     9 |       ||    23
   Stab: Sleeping          |     8 |     1 |     4 |    11 |     3 |     7 |     4 |     2 |       ||    40
         Distracted        |     1 |       |     1 |     1 |     1 |     3 |     1 |       |       ||     8
         Paralysed         |       |       |    10 |    13 |    57 |    80 |    95 |    70 |    10 ||   335
 Armour: Skin              |    13 |    17 |    60 |   122 |   540 |   616 |   751 |   746 |   142 ||  3007
  Dodge: Dodged            |    43 |    63 |   138 |   267 |   614 |  1135 |  1084 |   756 |   166 ||  4266
   Form: Beast             |       |     1 |       |     1 |       |       |     1 |       |       ||     3
         Flux              |       |     1 |     2 |     3 |       |       |     1 |       |       ||     7
         Blade             |       |       |     3 |     3 |       |       |     1 |       |       ||     7
         Statue            |       |       |       |     1 |     3 |     4 |     3 |     3 |       ||    14
         Dragon            |       |       |       |       |     5 |     4 |     5 |     2 |       ||    16
         Serpent           |       |       |       |       |       |       |     3 |     1 |       ||     4
         Maw               |       |       |       |       |       |       |     1 |       |       ||     1
